 Dungeon Crawl Stone Soup version 0.16-a0-4123-g49b462e (webtiles) character file.

177 Charly the Insei (level 5, 0/29 HPs)
             Began as a Vine Stalker Monk on Mar 2, 2015.
             Slain by a centaur (5 damage)
             ... on level 5 of the Dungeon.
             The game lasted 00:09:26 (847 turns).

Charly the Insei (Vine Stalker Monk)                 Turns: 847, Time: 00:09:26

Health: 0/29       AC:  4    Str: 13    XL:     5   Next: 57%
Magic:  0/7        EV: 13    Int: 10    God:
Gold:   91         SH:  0    Dex: 18    Spells: 0 memorised, 4 levels left

rFire  . . .     SeeInvis .       - Unarmed
rCold  . . .     Clarity  .     a - +0 robe
rNeg   . . .     SustAb   .     (no shield)
rPois  .         Gourm    .     i - +0 helmet
rElec  .         Spirit   +     (no cloak)
rCorr  .         Warding  .     e - +0 pair of gloves
rMut   +         Stasis   .     (no boots)
MR     .....                    p - amulet of resist mutation
Stlth  ++........               (no ring)
                                (no ring)

@: not resistant to hostile enchantments, unstealthy
A: fangs 2, regeneration 1, magic shield, antimagic bite, no device heal 3, rot
immunity
a: no special abilities


You were on level 5 of the Dungeon.
You were full.

You visited 1 branch of the dungeon, and saw 5 of its levels.

You collected 91 gold pieces.

Inventory:

Missiles
 f - 17 poisoned needles
Armour
 a - a +0 robe (worn)
 e - a +0 pair of gloves (worn)
 i - a +0 helmet (worn)
Jewellery
 p - an amulet of resist mutation (around neck)
Magical devices
 g - a wand of random effects (14)
Scrolls
 d - a scroll of amnesia
 h - a scroll of fear {unknown}
 k - a scroll of random uselessness {unknown}
 l - a scroll of enchant armour {unknown}
 n - 2 scrolls of remove curse
 o - a scroll of identify
Potions
 c - a potion of curing
 j - a potion of might {unknown}
 m - a potion of flight {unknown}
Comestibles
 b - 4 bread rations


   Skills:
 + Level 3.7 Fighting
 - Level 2.4 Dodging
 - Level 2.4 Stealth
 * Level 6.0 Unarmed Combat


You had 4 spell levels left.
You didn't know any spells.

Dungeon Overview and Level Annotations

Branches:
Dungeon (5/15)
 Temple: D:4-7

Altars:

Annotations:
D:3 hornqvist's ghost, average OpAs


Innate Abilities, Weirdness & Mutations

You have extremely sharp teeth.
Your natural rate of healing is unusually fast.
When hurt, damage is shared between your health and your magic reserves.
Your bite disrupts and absorbs the magic of your enemies.
Potions and wands cannot restore your health.
You are immune to rotting.


Message History

There is an open door, spattered with blood here.
You hit the centaur. You punch the centaur. You bite the centaur.
You drain its power.
You feel invigorated.
The centaur is moderately wounded.
The centaur misses you.
You barely miss the centaur.
The centaur is moderately wounded.
The centaur barely misses you.
You punch the centaur! Your bite misses the centaur.
The centaur is severely wounded.
The centaur hits you! The centaur hits you.
You hit the centaur but do no damage. You bite the centaur.
You drain its power.
You feel invigorated.
The centaur is almost dead.
The centaur hits you!
* * * LOW HITPOINT WARNING * * *
You hit the centaur but do no damage.
The centaur is almost dead.
The centaur hits you!
You die...

####.............
...(.............
...........#....
#...........####
#.....†.)..##...##
#...######.#....?#
#### >..
#.#..(..###..## ..
#.#...c:##....# #
#(##.!$@#)....#
#..#####(##).##.
.#####......#'#####..
...........##.##....
.#######...'.("#..#
###.##.##..##
#..###....##
##.........##
########...#


You could see a centaur.

Vanquished Creatures
  A hound (D:5)
  A giant frog skeleton (D:5)
  An orc priest (D:4)
  Robin (D:3)
  A gnoll (D:5)
  2 adders
  An adder skeleton (D:4)
  An ooze (D:5)
  5 orcs
  2 bats
  7 goblins
  7 hobgoblins
  7 jackals
  4 kobolds
  A quokka (D:5)
  2 ball pythons
  A giant gecko (D:3)
  2 giant newts
  4 rats
51 creatures vanquished.

Notes
Turn   | Place    | Note
--------------------------------------------------------------
     0 | D:1      | Charly, the Vine Stalker Monk, began the quest for the Orb.
     0 | D:1      | Reached XP level 1. HP: 11/11 MP: 1/1
    46 | D:2      | Reached XP level 2. HP: 13/16 MP: 0/3
   281 | D:3      | Noticed hornqvist's ghost (average OpAs)
   322 | D:3      | Reached XP level 3. HP: 3/20 MP: 1/4
   392 | D:3      | Noticed Robin
   429 | D:3      | Killed Robin
   484 | D:3      | Reached skill level 5 in Unarmed Combat
   531 | D:4      | Reached XP level 4. HP: 22/24 MP: 5/5
   576 | D:4      | Noticed an ogre
   673 | D:5      | Entered Level 5 of the Dungeon
   741 | D:5      | Reached XP level 5. HP: 28/28 MP: 7/7
   802 | D:5      | Noticed a centaur
   826 | D:5      | Reached skill level 6 in Unarmed Combat
   847 | D:5      | Slain by a centaur

Action                   |  1- 3 |  4- 6 || total
-------------------------+-------+-------++-------
Melee: Unarmed           |    95 |    74 ||   169
  Use: Scroll            |     2 |     3 ||     5
 Stab: Distracted        |       |     2 ||     2
  Eat: Fruit             |     4 |       ||     4
       Beef jerky        |       |     1 ||     1
